cohdb
Replays
Latest Replays
All Replays
Popular Replays
Top Player Replays
Match Explorer
How It Works
Community
CoH3 Stats
Reddit
Sign in to upload your games and track your stats! →
Sign in with Steam
Match 37505438
Unlisted
Match 37505438
Overview
Messages
Build Orders
End
Selects Armored Battlegroup
Selects Assault Engineers
Assault Engineer Squad
Assault Engineer Squad
Assault Engineer Squad
Assault Engineer Squad
Construct Weapon Support Center
Infantry Support Center
M3 Armored Personnel Carrier
M1919 Machine Gun Team
Construct Medical Station
Selects Strength in Steel
Construct Tank Depot
Selects M8 Scott SPG
Selects UNKNOWN (2160077)
Theodosios
MadMax
0
0
Comments
sign in to comment!
No comments posted yet!